PA
WASHINGTON GENERALS @ SOUTH BEACH BLAZE
07/28/2034
 
TOP OF THE 1ST
Washington Generals batting - Pitching for South Beach Blaze : RHP Satoshi Ono
Pitching: RHP Satoshi Ono
Batting: RHB Eun-bum Song 0-0: Ball
1-0: Swinging Strike
1-1: Swinging Strike
1-2: Strikes out swinging
Batting: RHB Charles Atkinson 0-0: Ball
1-0: DOUBLE (Line Drive, 9LD)
Batting: RHB Fernando Acevedo 0-0: Foul Ball, location: 2F
0-1: Swinging Strike
0-2: Strikes out looking
Batting: RHB Wen-hua Zhào 0-0: Called Strike
0-1: Ball
1-1: Foul Ball, location: 2F
1-2: Ball
2-2: Ball
3-2: Foul Ball, location: 2F
3-2: Strikes out swinging
Top of the 1st over - 0 runs, 1 hit, 0 errors, 1 left on base; Washington 0 - South Beach 0
BOTTOM OF THE 1ST
South Beach Blaze batting - Pitching for Washington Generals : RHP Bryan White
Pitching: RHP Bryan White
Batting: LHB Javier López 0-0: Swinging Strike
0-1: Ball
1-1: Ground out 4-3 (Groundball, 4)
Batting: SHB Eisse van Opdorp 0-0: Fly out, F8 (Flyball, 8LM)
Batting: LHB Lewis Blankenship 0-0: Called Strike
0-1: Ball
1-1: Foul Ball, location: 2F
1-2: DOUBLE (Line Drive, 9LM)
Batting: RHB Dave Broom 0-0: Called Strike
0-1: SINGLE (Flyball, 89M)
Lewis Blankenship to third
Runner from 3rd tries for Home, throw and OUT!
Bottom of the 1st over - 0 runs, 2 hits, 0 errors, 1 left on base; Washington 0 - South Beach 0
TOP OF THE 2ND
Washington Generals batting - Pitching for South Beach Blaze : RHP Satoshi Ono
Batting: RHB Ashton Bailey 0-0: DOUBLE (Flyball, 89XD)
Batting: RHB Dale Clark 0-0: Ball
1-0: Ball
2-0: Called Strike
2-1: Swinging Strike
2-2: Ball
3-2: Strikes out looking
Batting: RHB Abel Murphy 0-0: Ball
1-0: Foul Ball, location: 2F
1-1: Foul Ball, location: 2F
1-2: Fly out, F7 (Flyball, 78D)
Batting: RHB Raúl Ocasio 0-0: Ball
1-0: SINGLE (Line Drive, 5D)
Ashton Bailey to third
Batting: LHB Mike O'Neil 0-0: Ball
1-0: Fly out, F6 (Popup, 6)
Top of the 2nd over - 0 runs, 2 hits, 0 errors, 2 left on base; Washington 0 - South Beach 0
BOTTOM OF THE 2ND
South Beach Blaze batting - Pitching for Washington Generals : RHP Bryan White
Batting: SHB Noah Martone 0-0: Ball
1-0: Called Strike
1-1: Called Strike
1-2: Strikes out swinging
Batting: RHB Mikael Evangjeli 0-0: Ground out 5-3 (Groundball, 56S)
Batting: RHB Maxence Sultanbekov 0-0: Ball
1-0: Ball
2-0: Ball
3-0: Foul Ball, location: 2F
3-1: Base on Balls
Batting: RHB Mark Patterson 0-0: Ball
Maxence Sultanbekov steals 2nd base
1-0: Ball
2-0: Foul Ball, location: 2F
2-1: Ball
3-1: Base on Balls
Batting: LHB Tomislav Jovovich 0-0: Ball
1-0: Foul Ball, location: 2F
1-1: Ground out 4-3 (Groundball, 4D)
Bottom of the 2nd over - 0 runs, 0 hits, 0 errors, 2 left on base; Washington 0 - South Beach 0
TOP OF THE 3RD
Washington Generals batting - Pitching for South Beach Blaze : RHP Satoshi Ono
Batting: RHB Eun-bum Song 0-0: Ball
1-0: Ball
2-0: Swinging Strike
2-1: Fly out, F9 (Line Drive, 89S)
Batting: RHB Charles Atkinson 0-0: Ball
1-0: Called Strike
1-1: Called Strike
1-2: Strikes out swinging
Batting: RHB Fernando Acevedo 0-0: Foul Ball, location: 2F
0-1: Ball
1-1: Ball
2-1: Foul Ball, location: 2F
2-2: Fly out, F7 (Flyball, 78D)
Top of the 3rd over - 0 runs, 0 hits, 0 errors, 0 left on base; Washington 0 - South Beach 0
BOTTOM OF THE 3RD
South Beach Blaze batting - Pitching for Washington Generals : RHP Bryan White
Batting: LHB Javier López 0-0: Ball
1-0: Foul Ball, location: 2F
1-1: Swinging Strike
1-2: Ground out 3-1 (Groundball, 34S)
Batting: SHB Eisse van Opdorp 0-0: Called Strike
0-1: Foul Ball, location: 2F
0-2: Ball
1-2: Strikes out swinging
Batting: LHB Lewis Blankenship 0-0: Foul Ball, location: 2F
0-1: Swinging Strike
0-2: DOUBLE (Line Drive, 89D)
Batting: RHB Dave Broom 0-0: Called Strike
0-1: 2-RUN HOME RUN (Line Drive, 9LD), Distance : 349 ft
Batting: SHB Noah Martone 0-0: Swinging Strike
0-1: Called Strike
0-2: Ball
1-2: Foul Ball, location: 2F
1-2: Strikes out swinging
Bottom of the 3rd over - 2 runs, 2 hits, 0 errors, 0 left on base; Washington 0 - South Beach 2
TOP OF THE 4TH
Washington Generals batting - Pitching for South Beach Blaze : RHP Satoshi Ono
Batting: RHB Wen-hua Zhào 0-0: Fly out, F4 (Line Drive, 4)
Batting: RHB Ashton Bailey 0-0: Called Strike
0-1: Foul Ball, location: 2F
0-2: Strikes out swinging
Batting: RHB Dale Clark 0-0: SINGLE (Groundball, 34D)
Batting: RHB Abel Murphy 0-0: Ball
Dale Clark steals 2nd base
1-0: Called Strike
1-1: Ball
2-1: Swinging Strike
2-2: Strikes out swinging
Top of the 4th over - 0 runs, 1 hit, 0 errors, 1 left on base; Washington 0 - South Beach 2
BOTTOM OF THE 4TH
South Beach Blaze batting - Pitching for Washington Generals : RHP Bryan White
Batting: RHB Mikael Evangjeli 0-0: Called Strike
0-1: Ball
1-1: Called Strike
1-2: Foul Ball, location: 2F
1-2: Strikes out looking
Batting: RHB Maxence Sultanbekov 0-0: Called Strike
0-1: Ground out 5-3 (Groundball, 5)
Batting: RHB Mark Patterson 0-0: Ball
1-0: Foul Ball, location: 2F
1-1: Swinging Strike
1-2: Ball
2-2: Ball
3-2: Base on Balls
Batting: LHB Tomislav Jovovich 0-0: Ball
1-0: Foul Ball, location: 2F
1-1: Called Strike
1-2: Ball
2-2: Foul Ball, location: 2F
2-2: Fly out, F5 (Popup, 5SF)
Bottom of the 4th over - 0 runs, 0 hits, 0 errors, 1 left on base; Washington 0 - South Beach 2
TOP OF THE 5TH
Washington Generals batting - Pitching for South Beach Blaze : RHP Satoshi Ono
Batting: RHB Raúl Ocasio 0-0: Swinging Strike
0-1: Foul Ball, location: 2F
0-2: Ball
1-2: Foul Ball, location: 2F
1-2: Strikes out swinging
Batting: LHB Mike O'Neil 0-0: Ball
1-0: Foul Ball, location: 2F
1-1: Swinging Strike
1-2: Strikes out looking
Batting: RHB Eun-bum Song 0-0: Ball
1-0: Foul Ball, location: 2F
1-1: Fly out, F8 (Flyball, 8LD)
Top of the 5th over - 0 runs, 0 hits, 0 errors, 0 left on base; Washington 0 - South Beach 2
BOTTOM OF THE 5TH
South Beach Blaze batting - Pitching for Washington Generals : RHP Bryan White
Batting: LHB Javier López 0-0: Ball
1-0: Ball
2-0: Ball
3-0: Called Strike
3-1: Reached on error, E4 (Groundball, 4MD)
Batting: SHB Eisse van Opdorp 0-0: Ball
Javier López steals 2nd base
1-0: Ground out 4-3 (Groundball, 4)
Javier López to third
Batting: LHB Lewis Blankenship 0-0: Ground out 6-3 (Groundball, 6)
Javier López scores
Batting: RHB Dave Broom 0-0: Foul Ball, location: 2F
0-1: Ball
1-1: Single, Error in OF, E9, batter to second base
Batting: SHB Noah Martone 0-0: Ball
1-0: Foul Ball, location: 2F
1-1: Foul Ball, location: 2F
1-2: Foul Ball, location: 2F
1-2: Fly out, F9 (Flyball, 9LS)
Bottom of the 5th over - 1 run, 1 hit, 2 errors, 1 left on base; Washington 0 - South Beach 3
TOP OF THE 6TH
Washington Generals batting - Pitching for South Beach Blaze : RHP Satoshi Ono
Batting: RHB Charles Atkinson 0-0: Called Strike
0-1: Ball
1-1: Swinging Strike
1-2: Ball
2-2: Strikes out swinging
Batting: RHB Fernando Acevedo 0-0: Swinging Strike
0-1: Ball
1-1: Swinging Strike
1-2: Ball
2-2: DOUBLE (Line Drive, 8LD)
Batting: RHB Wen-hua Zhào 0-0: Called Strike
0-1: Ball
1-1: Ball
2-1: Ball
3-1: Foul Ball, location: 2F
3-2: Foul Ball, location: 2F
3-2: 2-RUN HOME RUN (Line Drive, 9D), Distance : 404 ft
Batting: RHB Ashton Bailey 0-0: SOLO HOME RUN (Flyball, 9LD), Distance : 350 ft
Batting: RHB Dale Clark 0-0: Ball
1-0: Ball
2-0: Called Strike
2-1: Ball
3-1: Foul Ball, location: 2F
3-2: Strikes out looking
Batting: RHB Abel Murphy 0-0: Foul Ball, location: 2F
0-1: Called Strike
0-2: Fly out, F9 (Flyball, 89D)
Top of the 6th over - 3 runs, 3 hits, 0 errors, 0 left on base; Washington 3 - South Beach 3
BOTTOM OF THE 6TH
South Beach Blaze batting - Pitching for Washington Generals : RHP Bryan White
Batting: RHB Mikael Evangjeli 0-0: Foul Ball, location: 2F
0-1: Swinging Strike
0-2: Foul Ball, location: 2F
0-2: Ground out 5-3 (Groundball, 56)
Batting: RHB Maxence Sultanbekov 0-0: Called Strike
0-1: Ball
1-1: Ball
2-1: Ball
3-1: DOUBLE (Line Drive, 8LD)
Batting: RHB Mark Patterson 0-0: Swinging Strike
0-1: SINGLE (Groundball, 6MD)
Maxence Sultanbekov to third
Runner from 3rd tries for Home, SAFE, no throw
Batting: LHB Tomislav Jovovich 0-0: Called Strike
0-1: Ball
1-1: Foul Ball, location: 2F
1-2: Ball
2-2: SINGLE (Groundball, 4MD)
Mark Patterson to second
Batting: LHB Javier López 0-0: Ball
Wild Pitch!
Mark Patterson to third
Tomislav Jovovich to second
1-0: Ball
2-0: Called Strike
2-1: Called Strike
2-2: Foul Ball, location: 2F
2-2: Ball
3-2: Fly out, F9 (Flyball, 9S)
Batting: SHB Eisse van Opdorp 0-0: Fly out, F9 (Line Drive, 9D)
Bottom of the 6th over - 1 run, 3 hits, 0 errors, 2 left on base; Washington 3 - South Beach 4
TOP OF THE 7TH
Washington Generals batting - Pitching for South Beach Blaze : RHP Satoshi Ono
Pitching: RHP Thom Davis
Batting: RHB Raúl Ocasio 0-0: Ball
1-0: Ball
2-0: Ball
3-0: Base on Balls
Batting: LHB Mike O'Neil 0-0: Called Strike
0-1: Called Strike
0-2: Ball
1-2: Hit by Pitch
Raúl Ocasio to second
Batting: RHB Eun-bum Song 0-0: Bunt missed!
0-1: Sac Bunt - play at first, batter OUT! 3-4
Raúl Ocasio to third
Mike O'Neil to second
Batting: RHB Charles Atkinson 0-0: DOUBLE (Line Drive, 9D)
Raúl Ocasio scores
Mike O'Neil scores
Batting: RHB Fernando Acevedo 0-0: Intentional Walk
Pitching: RHP Aaron Corrigan
Batting: RHB Wen-hua Zhào 0-0: Foul Ball, location: 2F
0-1: Fly out, F7 (Line Drive, 7LD)
Batting: RHB Ashton Bailey 0-0: Ball
1-0: Ball
2-0: Foul Ball, location: 2F
2-1: Foul Ball, location: 2F
2-2: Ball
3-2: Foul Ball, location: 2F
3-2: Base on Balls
Charles Atkinson to third
Fernando Acevedo to second
Batting: RHB Dale Clark 0-0: Ball
1-0: SINGLE (Flyball, 89M)
Charles Atkinson scores
Fernando Acevedo to third
Ashton Bailey to second
Throwing error, E9
Fernando Acevedo scores
Ashton Bailey to third
Dale Clark to second
Batting: RHB Abel Murphy 0-0: Ball
1-0: Foul Ball, location: 2F
1-1: Ball
2-1: Foul Ball, location: 2F
2-2: Strikes out swinging
Top of the 7th over - 4 runs, 2 hits, 1 error, 2 left on base; Washington 7 - South Beach 4
BOTTOM OF THE 7TH
South Beach Blaze batting - Pitching for Washington Generals : RHP Bryan White
Batting: LHB Lewis Blankenship 0-0: Ball
1-0: SINGLE (Line Drive, 9LS)
Batting: RHB Dave Broom 0-0: Foul Ball, location: 2F
0-1: SINGLE (Line Drive, 8RS)
Lewis Blankenship to second
Batting: SHB Noah Martone 0-0: Foul Ball, location: 2F
0-1: Ball
1-1: Foul Ball, location: 2F
1-2: Ball
2-2: Ball
3-2: Foul Ball, location: 2F
3-2: DOUBLE (Line Drive, 8RD)
Lewis Blankenship scores
Dave Broom to third
Runner from 3rd tries for Home, SAFE, no throw
Pitching: LHP Jeremy Sears
Batting: RHB Mikael Evangjeli 0-0: Ground out 6-3 (Groundball, 6)
Batting: RHB Maxence Sultanbekov 0-0: Ball
1-0: Called Strike
1-1: Called Strike
1-2: Ball
Wild Pitch!
Noah Martone to third
2-2: Ball
3-2: Base on Balls
Batting: RHB Mark Patterson 0-0: Called Strike
0-1: Ball
1-1: Ball
2-1: Called Strike
2-2: Strikes out swinging
Batting: LHB Tomislav Jovovich 0-0: Ball
1-0: Called Strike
1-1: Ball
2-1: Foul Ball, location: 2F
2-2: Strikes out looking
Bottom of the 7th over - 2 runs, 3 hits, 0 errors, 2 left on base; Washington 7 - South Beach 6
TOP OF THE 8TH
Washington Generals batting - Pitching for South Beach Blaze : RHP Aaron Corrigan
Batting: RHB Raúl Ocasio 0-0: Ball
1-0: SINGLE (Line Drive, 78S)
Batting: LHB Mike O'Neil 0-0: Ball
1-0: Ball
2-0: Called Strike
2-1: Foul Ball, location: 2F
2-2: Grounds into double play, 6-4-3 (Groundball, 6)
Batting: RHB Eun-bum Song 0-0: Called Strike
0-1: Foul Ball, location: 2F
0-2: Ball
1-2: Foul Ball, location: 2F
1-2: Ball
2-2: Foul Ball, location: 2F
2-2: Strikes out swinging
Top of the 8th over - 0 runs, 1 hit, 0 errors, 0 left on base; Washington 7 - South Beach 6
BOTTOM OF THE 8TH
South Beach Blaze batting - Pitching for Washington Generals : LHP Jeremy Sears
Now at C: Robin Padilla
Batting: LHB Javier López 0-0: Called Strike
0-1: Foul Ball, location: 2F
0-2: Ball
1-2: Ground out 1-3 (Groundball, P)
Batting: SHB Eisse van Opdorp 0-0: Swinging Strike
0-1: Ball
1-1: Ball
2-1: Foul Ball, location: 2F
2-2: Strikes out swinging
Batting: LHB Lewis Blankenship 0-0: Called Strike
0-1: Ball
1-1: SINGLE (Groundball, 34D)
Batting: RHB Dave Broom 0-0: Called Strike
0-1: Foul Ball, location: 2F
0-2: Ball
1-2: Ball
2-2: Foul Ball, location: 2F
2-2: Strikes out looking
Bottom of the 8th over - 0 runs, 1 hit, 0 errors, 1 left on base; Washington 7 - South Beach 6
TOP OF THE 9TH
Washington Generals batting - Pitching for South Beach Blaze : RHP Aaron Corrigan
Batting: RHB Charles Atkinson 0-0: Ball
1-0: Foul Ball, location: 2F
1-1: Called Strike
1-2: Strikes out looking
Batting: RHB Fernando Acevedo 0-0: Ball
1-0: Foul Ball, location: 2F
1-1: Ball
2-1: Ground out 3-1 (Groundball, 23)
Batting: RHB Wen-hua Zhào 0-0: Called Strike
0-1: Swinging Strike
0-2: Foul Ball, location: 2F
0-2: Strikes out looking
Top of the 9th over - 0 runs, 0 hits, 0 errors, 0 left on base; Washington 7 - South Beach 6
BOTTOM OF THE 9TH
South Beach Blaze batting - Pitching for Washington Generals : LHP Jeremy Sears
Pitching: RHP Milton Mathews
Batting: SHB Noah Martone 0-0: Foul Ball, location: 2F
0-1: Foul Ball, location: 2F
0-2: Strikes out looking
Pinch Hitting: LHB Nelson López 0-0: Fly out, F7 (Flyball, 78D)
Batting: RHB Maxence Sultanbekov 0-0: Swinging Strike
0-1: SINGLE (Groundball, 6MD)
Batting: RHB Mark Patterson 0-0: SINGLE (Groundball, 56D)
Maxence Sultanbekov to second
Runner from 2nd tries for 3rd, SAFE, no throw
Batting: LHB Tomislav Jovovich 0-0: Called Strike
0-1: Ball
1-1: Ball
2-1: Ground out 4-3 (Groundball, 4)
Bottom of the 9th over - 0 runs, 2 hits, 0 errors, 2 left on base; Washington 7 - South Beach 6
Friday, March 29th, 2019 - OOTP Baseball 18.8 Build 76